 Dungeon Sprint DCSS version 0.21.1-1-g345015f (webtiles) character file.

624 wilfster70 the Carver (level 7, -6/61 HPs)
             Began as a Demonspawn Berserker on June 21, 2018.
             Was a Priest of Trog.
             Mangled by a centaur warrior (7 damage)
             ... in the Dungeon (Sprint I: "Red Sonja").
             The game lasted 00:02:51 (346 turns).

wilfster70 the Carver (Demonspawn Berserker)         Turns: 346, Time: 00:02:52

Health: -6/61      AC:  3    Str: 17    XL:     7   Next: 22%
Magic:  7/7        EV: 18    Int:  8    God:    Trog [***...]
Gold:   405        SH:  0    Dex: 15    Spells: 6/6 levels left

rFire    + . .     SeeInvis .   a - +0 falchion
rCold    . . .     Gourm    .   (no shield)
rNeg     . . .     Faith    .   k - +0 leather armour {rF+}
rPois    .         Spirit   .   (helmet restricted)
rElec    .         Reflect  .   (no cloak)
rCorr    .         Harm     .   (no gloves)
MR       .....     NoTele   +   (no boots)
Stlth    +.........             (no amulet)
HPRegen  0.20/turn              (no ring)
MPRegen  0.10/turn              (no ring)

@: starving
A: horns 2, repulsion field 1, powered by death 2
a: Berserk, Trog's Hand, Burn Spellbooks, Renounce Religion


You were in the Dungeon.
You worshipped Trog.
Trog was most pleased with you.
You were starving.

You visited 1 branch You collected 405 gold pieces.

Inventory:

Hand Weapons
 a - a +0 falchion (weapon)
 j - a +5 club
Missiles
 h - 4 javelins (quivered)
Armour
 k - a +0 leather armour of fire resistance (worn)
Scrolls
 b - a scroll of identify {unknown}
 i - a scroll of blinking
Potions
 d - a potion of curing
 e - a potion of heal wounds
 f - a potion of haste
 g - 2 potions of magic
Comestibles
 c - a ration


   Skills:
 + Level 7.7 Fighting
 * Level 9.6 Long Blades
 + Level 6.6 Armour
 + Level 6.6 Dodging


You had 6 spell levels left.
You didn't know any spells.

Dungeon Overview and Level Annotations

Branches:
Dungeon (1/1)

Altars:
Cheibriados
Dithmenos
Elyvilon
Fedhas
Gozag
Hepliaklqana
Kikubaaqudgha
Makhleb
Nemelex Xobeh
Okawaru
Qazlal
Ru
Sif Muna
Trog
Uskayaw
Vehumet
Wu Jian
Xom
Yredelemnul
Zin
The Shining One
Jiyva
Lugonu

Shops:
D =


Innate Abilities, Weirdness & Mutations

You have a pair of horns on your head.
You are surrounded by a mild repulsion field. (EV +2)
You regenerate health from kills.


Message History

The centaur warrior misses you.
You riposte.
You hit the centaur warrior. You headbutt the centaur warrior.
The centaur warrior is lightly wounded.
The centaur warrior shoots an arrow.
The arrow hits you!!
You slash the centaur warrior!
The centaur warrior is moderately wounded.
The centaur warrior misses you.
The centaur warrior shoots an arrow.
The arrow hits you!!
* * * LOW HITPOINT WARNING * * *
You hit the centaur warrior but do no damage.
The centaur warrior is moderately wounded.
The centaur warrior hits you.
* * * LOW HITPOINT WARNING * * *
The centaur warrior shoots an arrow.
The arrow barely misses you. The centaur warrior closely misses you.
You closely miss the centaur warrior.
The centaur warrior is moderately wounded.
The centaur warrior shoots an arrow.
The arrow completely misses you. The centaur warrior hits you!
You die...

######################
#<.#..)..#..'..#__#..+
#.['..#..').#..'..'..#
#..#####'#####'#__####
#..####..#...#.####§§#
#..#__####..##@#§§c§§#
#..#_____##'#_c'c§§§§
#⌠⌠#_.∩...'..._#≈§§§c
####_..__##_.#'##+##
#_____###+#.# #######
###


You could see 2 centaur warriors.

Vanquished Creatures
  A slime creature (D)
  Sigmund (D)
  A yak (D)
  An ogre (D)
  A jelly (D)
  Ijyb (D)
6 creatures vanquished.

Notes
Turn   | Place    | Note
-------+----------+-------------------------------------------
     0 | D        | wilfster70 the Demonspawn Berserker began the quest for the Orb.
     0 | D        | Reached XP level 1. HP: 18/18 MP: 1/1
     1 | D        | Noticed Ijyb
     8 | D        | Killed Ijyb
     8 | D        | Reached skill level 4 in Long Blades
     8 | D        | Gained mutation: You have a pair of small horns on your head. [demonic ancestry]
     8 | D        | Reached XP level 2. HP: 25/25 MP: 2/2
    58 | D        | Noticed an ogre
    64 | D        | Killed an ogre
    64 | D        | Reached skill level 5 in Fighting
    64 | D        | Reached skill level 5 in Long Blades
    64 | D        | Gained mutation: You are surrounded by a mild repulsion field. (EV +2) [demonic ancestry]
    64 | D        | Reached XP level 3. HP: 33/33 MP: 3/3
    64 | D        | Reached XP level 4. HP: 39/39 MP: 4/4
   101 | D        | Noticed Sigmund
   106 | D        | Killed Sigmund
   106 | D        | Reached ** piety under Trog
   106 | D        | Reached skill level 7 in Long Blades
   106 | D        | Reached skill level 5 in Armour
   106 | D        | Reached skill level 5 in Dodging
   106 | D        | Gained mutation: You regenerate a little health from kills. [demonic ancestry]
   106 | D        | Reached XP level 5. HP: 46/46 MP: 5/5
   106 | D        | Gained mutation: You regenerate health from kills. [demonic ancestry]
   106 | D        | Reached XP level 6. HP: 52/52 MP: 6/6
   170 | D        | Found a deep blue altar of Sif Muna.
   171 | D        | Found an ornate altar of the Wu Jian Council.
   172 | D        | Found a radiant altar of Vehumet.
   177 | D        | Found a burning altar of Makhleb.
   177 | D        | Found a viscous altar of Jiyva.
   177 | D        | Found a shimmering altar of Xom.
   177 | D        | Found a corrupted altar of Lugonu.
   177 | D        | Noticed a slime creature
   181 | D        | Killed a slime creature
   181 | D        | Reached skill level 8 in Long Blades
   183 | D        | Reached skill level 9 in Long Blades
   281 | D        | Found Wiet's Jewellery Emporium.
   281 | D        | Found an ancient bone altar of Kikubaaqudgha.
   281 | D        | Found a hazy altar of Hepliaklqana.
   281 | D        | Found a stormy altar of Qazlal.
   281 | D        | Found a hide-covered altar of Uskayaw.
   281 | D        | Found a blossoming altar of Fedhas.
   281 | D        | Found a bloodstained altar of Trog.
   281 | D        | Found an iron altar of Okawaru.
   281 | D        | Found a basalt altar of Yredelemnul.
   281 | D        | Found a glowing golden altar of the Shining One.
   281 | D        | Found a snail-covered altar of Cheibriados.
   281 | D        | Found a sacrificial altar of Ru.
   281 | D        | Found a glowing silver altar of Zin.
   281 | D        | Found a shadowy altar of Dithmenos.
   281 | D        | Found a white marble altar of Elyvilon.
   281 | D        | Noticed a yak
   282 | D        | Found an opulent altar of Gozag.
   290 | D        | Killed a yak
   290 | D        | Reached *** piety under Trog
   290 | D        | Gained mutation: You have a pair of horns on your head. [demonic ancestry]
   290 | D        | Reached XP level 7. HP: 61/61 MP: 7/7
   291 | D        | Found a sparkling altar of Nemelex Xobeh.
   333 | D        | Noticed a centaur warrior
   333 | D        | Noticed a centaur warrior
   345 | D        | HP: 1/61 [centaur warrior (3)]
   346 | D        | Mangled by a centaur warrior

Skill      XL: |  1  2  3  4  5  6 |
---------------+-------------------+-----
Long Blades    | 4 5 7 9 |  9.6
Armour         | 2 4 5 6 |  6.6
Dodging        | 2 4 5 6 |  6.6
Fighting       | 5 6 7 |  7.7

Action                   |  1- 3 |  4- 6 |  7- 9 || total
-------------------------+-------+-------+-------++-------
Melee: Falchion          |    11 |    12 |     4 ||    27
       Headbutt          |     1 |     8 |     1 ||    10
Invok: Berserk           |     1 |     3 |       ||     4
  Use: Potion            |     1 |       |       ||     1
Armor: Leather armour    |       |     1 |       ||     1
Dodge: Dodged            |     3 |    10 |     7 ||    20
       Rpst.: Falchion   |       |     1 |     1 ||     2
